 Dungeon Crawl Stone Soup version 0.23.2-1-ga50397a (webtiles) character file.

Game seed: 9283240196517218757

209931 IBeShadow the Protected (level 18, -6/140 HPs)
             Began as a Gnoll Wanderer on May 23, 2019.
             Was the Champion of Cheibriados.
             Mangled by Ullipcorian's ghost (32 damage)
             ... on level 3 of the Shoals.
             The game lasted 01:47:40 (38907 turns).

IBeShadow the Protected (Gnoll Wanderer)           Turns: 38907, Time: 01:47:40

Health: -6/140     AC: 17    Str: 38    XL:     18   Next: 84%
Magic:  24/34      EV: 21    Int: 32    God:    Cheibriados [******]
Gold:   938        SH: 16    Dex: 31    Spells: 20/41 levels left

rFire    . . .     SeeInvis +   R - +4 broad axe "Wagil" {vamp, +Inv rPois}
rCold    + . .     Gourm    .   b - +3 warlock's mirror {reflect}
rNeg     . . .     Faith    .   W - +0 plate armour "Noith" {rC+ Dex+2}
rPois    +         Spirit   .   e - +0 mask of the Dragon {MR+ Slay+3 SInv}
rElec    .         Reflect  +   O - scarf {repulsion}
rCorr    .         Harm     .   E - +2 pair of gloves
MR       +++..                  (no boots)
Stlth    +.........             r - +5 amulet of reflection
HPRegen  1.33/turn              o - +4 ring of evasion
MPRegen  0.24/turn              q - ring of protection from magic

@: about to teleport, regenerating, very heavily drained, repel missiles, very
slow
A: distributed training, fangs 1, talons 1, thin skeletal structure 1, strong
nose
}: 1/15 runes: gossamer
a: Bend Time, Temporal Distortion, Slouch, Step From Time, Renounce Religion,
Evoke Invisibility


You were on level 3 of the Shoals.
You worshipped Cheibriados.
Cheibriados was exalted by your worship.
You were not hungry.

You visited 6 branches of the dungeon, and saw 31 of its levels.
You also visited: Ossuary.

You collected 3454 gold pieces.
You spent 2516 gold pieces at shops.

Inventory:

Hand Weapons
 R - the +4 broad axe "Wagil" (weapon) {vamp, +Inv rPois}
   (You found it on level 3 of the Lair of Beasts)

   It inflicts no extra harm, but heals its wielder when it wounds a living foe.
   It protects you from poison.
   It lets you turn invisible.
Missiles
 u - 7 throwing nets (quivered)
 I - 9 poisoned needles
Armour
 b - the +3 warlock's mirror (worn) {reflect}
   (You bought it in a shop on level 12 of the Dungeon)
 e - the +0 mask of the Dragon (worn) {MR+ Slay+3 SInv}
   (You bought it in a shop on level 12 of the Dungeon)

   It affects your accuracy and damage with ranged weapons and melee attacks
   (+3).
   It affects your resistance to hostile enchantments.
   It lets you see invisible.
 E - a +2 pair of gloves (worn)
 O - a scarf of repulsion (worn)
 W - the +0 plate armour "Noith" (worn) {rC+ Dex+2}
   (You bought it in a shop on level 2 of the Orcish Mines)

   It affects your dexterity (+2).
   It protects you from cold.
Jewellery
 o - a +4 ring of evasion (left hand)
 q - a ring of protection from magic (right hand)
 r - a +5 amulet of reflection (around neck)
 v - the ring "Qorips" {Ice rElec SInv}
   (You found it on level 13 of the Dungeon)

   [ring of ice]

   It enhances your ice magic.
   It makes you vulnerable to fire.
   It protects you from cold.
   It insulates you from electricity.
   It lets you see invisible.
 y - an uncursed ring of protection from cold
 H - an uncursed ring of protection from cold
 K - an uncursed ring of stealth
Wands
 s - a wand of flame (51)
 w - a wand of scattershot (3)
 x - a wand of iceblast (4)
 D - a wand of acid (17)
 G - a wand of polymorph (22)
 M - a wand of digging (2)
 Q - a wand of paralysis (33)
 X - a wand of disintegration (2)
Scrolls
 a - 12 scrolls of identify
 c - 3 scrolls of magic mapping
 g - 19 scrolls of remove curse
 h - 9 scrolls of amnesia
 j - a scroll of torment {unknown}
 l - 12 scrolls of teleportation
 p - a scroll of holy word {unknown}
 A - 2 scrolls of acquirement {unknown}
 B - 2 scrolls of brand weapon
 C - 8 scrolls of fog
 P - 6 scrolls of blinking
 T - 5 scrolls of fear
Potions
 d - 5 potions of ambrosia
 k - 3 potions of agility
 m - 2 potions of might
 n - 5 potions of flight
 t - 21 potions of curing
 F - 6 potions of invisibility
 L - 2 potions of brilliance
 S - 2 potions of resistance
 U - 4 potions of lignification
 V - 8 potions of mutation
 Y - 3 potions of heal wounds
Miscellaneous
 z - a lightning rod (4/4)
 J - a crystal ball of energy
Comestibles
 f - 44 rations
 i - 4 chunks of flesh


   Skills:
 + Level 12.2(8.6) Fighting
 + Level 12.2(8.6) Short Blades
 + Level 12.2(8.6) Long Blades
 + Level 12.2(8.6) Axes
 + Level 12.2(8.6) Maces & Flails
 + Level 12.2(8.6) Polearms
 + Level 13.6(9.9) Staves
 + Level 12.2(8.6) Slings
 + Level 12.9(9.3) Bows
 + Level 12.2(8.6) Crossbows
 + Level 12.5(8.9) Throwing
 + Level 13.6(9.9) Armour
 + Level 12.2(8.6) Dodging
 + Level 12.2(8.6) Stealth
 + Level 12.2(8.6) Shields
 + Level 12.2(8.6) Unarmed Combat
 + Level 12.2(8.6) Spellcasting
 + Level 10.5(7.0) Conjurations
 + Level 10.5(7.0) Hexes
 + Level 10.5(7.0) Charms
 + Level 10.5(7.0) Summonings
 + Level 10.5(7.0) Necromancy
 + Level 10.5(7.0) Translocations
 + Level 10.5(7.0) Transmutations
 + Level 10.5(7.0) Fire Magic
 + Level 10.5(7.0) Ice Magic
 + Level 10.5(7.0) Air Magic
 + Level 10.5(7.0) Earth Magic
 + Level 10.5(7.0) Poison Magic
 + Level 13.2(9.5) Invocations
 + Level 12.5(8.9) Evocations


You had 20 spell levels left.
You knew the following spells:

 Your Spells              Type           Power        Failure   Level  Hunger
a - Mephitic Cloud        Conj/Pois/Air  ######..     2%          3    None
b - Blink                 Tloc           N/A          1%          2    None
c - Conjure Flame         Conj/Fire      ######..     2%          3    None
d - Call Imp              Summ           ######..     1%          2    None
e - Regeneration          Chrm/Necr      ######....   2%          3    None
f - Shroud of Golubria    Chrm/Tloc      ######....   1%          2    None
g - Summon Mana Viper     Hex/Summ       ######..     26%         5    ####...
h - Summon Butterflies    Summ           ######..     1%          1    None

Your spell library contained the following spells:

 Spells                   Type           Power        Failure   Level  Hunger
 Animate Skeleton         Necr           N/A          1%          1    None
 Corona                   Hex            ######.      1%          1    None
 Freeze                   Ice            ####         1%          1    None
 Infusion                 Chrm           ####         1%          1    None
 Magic Dart               Conj           ####         1%          1    None
 Pain                     Necr           ####         1%          1    None
 Sandblast                Erth           ######       1%          1    None
 Sting                    Conj/Pois      ####         1%          1    None
 Summon Small Mammal      Summ           ####         1%          1    None
 Ensorcelled Hibernation  Hex/Ice        ######       1%          2    None
 Passwall                 Tmut/Erth      ######..     1%          2    None
 Poisonous Vapours        Pois/Air       ######       1%          2    None
 Slow                     Hex            ######..     1%          2    None
 Song of Slaying          Chrm           ######..     1%          2    None
 Throw Frost              Conj/Ice       ######       1%          2    None
 Call Canine Familiar     Summ           ######..     2%          3    None
 Confuse                  Hex            ######..     2%          3    None
 Dazzling Spray           Conj/Hex       ######       2%          3    None
 Ignite Poison            Fire/Tmut/Pois ######..     2%          3    None
 Ozocubu's Armour         Chrm/Ice       ######..     2%          3    None
 Spectral Weapon          Hex/Chrm       ######..     2%          3    None
 Stone Arrow              Conj/Erth      ######       2%          3    None
 Tukima's Dance           Hex            ######..     2%          3    None
 Vampiric Draining        Necr           ######....   2%          3    None
 Animate Dead             Necr           N/A          10%         4    None
 Force Lance              Conj/Tloc      ######..     10%         4    None
 Ice Form                 Ice/Tmut       ######..     10%         4    None
 Olgreb's Toxic Radiance  Pois           ######..     10%         4    None
 Petrify                  Tmut/Erth      ######..     10%         4    None
 Summon Ice Beast         Ice/Summ       ######..     10%         4    None
 Throw Icicle             Conj/Ice       ######..     10%         4    None
 Irradiate                Conj/Tmut      ######....   26%         5    ####...
 Lee's Rapid Deconstruct  Erth           ######....   26%         5    ####...
 Metabolic Englaciation   Hex/Ice        ######....   26%         5    ####...
 Venom Bolt               Conj/Pois      ######....   26%         5    ####...
 Bolt of Cold             Conj/Ice       ######....   82%         6    #####..
 Freezing Cloud           Conj/Ice/Air   ######....   82%         6    #####..
 Hydra Form               Tmut           ######....   82%         6    #####..
 Ozocubu's Refrigeration  Ice            ######....   82%         6    #####..
 Simulacrum               Ice/Necr       ######....   82%         6    #####..
 Statue Form              Tmut/Erth      ######...    82%         6    #####..
 Dragon Form              Tmut           ######....   100%        7    #######
 Summon Hydra             Summ           ######....   100%        7    #######
 Disjunction              Tloc           ######....   100%        8    #######
 Ignition                 Fire           ######....   100%        8    #######


Dungeon Overview and Level Annotations

Branches:
Dungeon (15/15)            Temple (1/1) D:7            Lair (6/6) D:10
 Shoals (3/4) Lair:4       Spider (4/4) Lair:3        Slime (0/5) Lair:6
    Orc (2/2) D:12            Elf (0/3) Orc:2        Vaults (0/5) D:13
 Depths (0/5) D:15

Altars:
Ashenzari
Cheibriados
Dithmenos
Elyvilon
Fedhas
Gozag
Hepliaklqana
Kikubaaqudgha
Makhleb
Nemelex Xobeh
Okawaru
Qazlal
Ru
Sif Muna
Trog
Uskayaw
Vehumet
Wu Jian
Xom
Yredelemnul
Zin
The Shining One
Beogh
Jiyva

Shops:
D:9 *   D:11 (%   D:12 [[   Orc:2 =}([   Shoals:2 :*:*

Annotations:
D:5 luxidream's ghost, novice MfWr
Shoals:3 Ullipcorian's ghost, adept HOFi
Spider:4 Mara


Innate Abilities, Weirdness & Mutations

Your experience applies equally to all skills.
You have very sharp teeth.
Your uncanny sense of smell can sniff out nearby items.
You have sharp toenails.
You have a somewhat thin skeletal structure. (Dex +2, Stealth)


Message History

Your mana viper misses Ullipcorian's ghost.
You block Ullipcorian's ghost's attack.
Your mana viper bites Ullipcorian's ghost!
Ullipcorian's ghost hits you but does no damage.
You feel drained.
Unknown command.
You miss Ullipcorian's ghost. Your kick misses Ullipcorian's ghost.
Ullipcorian's ghost is heavily damaged.
You slash the plant!
Your mana viper splashes around in the water.
Ullipcorian's ghost hits you!
* * * LOW HITPOINT WARNING * * *
You feel drained.
* * * LOW HITPOINT WARNING * * *
Your mana viper bites Ullipcorian's ghost but does no damage.
As you read the scroll of teleportation, it crumbles to dust.
You feel strangely unstable.
Your mana viper bites Ullipcorian's ghost but does no damage.
Ullipcorian's ghost hits you!!
You die...

#####..≈P≈≈≈≈P≈≈≈≈≈≈≈≈≈≈≈
##....÷≈≈≈≈≈≈≈≈≈≈≈≈≈≈≈≈≈≈≈
###.P...≈≈≈P≈≈P≈≈≈≈≈≈≈≈≈≈≈.. ≈≈
≈.....P..≈PP≈≈≈≈≈≈≈≈≈≈≈≈≈≈≈≈#.
≈≈≈≈P.P..P≈≈≈P≈≈≈≈.P≈≈≈≈≈≈≈≈≈≈≈≈≈
≈≈≈≈≈P≈≈≈P≈P≈≈≈≈≈####P≈≈≈≈≈≈≈≈≈≈≈
≈≈≈≈≈≈P≈P≈≈≈≈≈P≈S#[P#≈P
≈≈≈≈≈≈≈≈≈≈≈≈P≈≈≈≈W[8#
≈≈≈≈≈≈≈≈≈P≈≈≈≈≈≈@#?P#
≈≈≈≈≈≈≈≈≈P≈P≈≈≈P.#### ≈≈≈≈
≈≈≈≈≈≈≈P≈P.... ≈≈≈≈
≈≈≈PPP≈≈PPP.(.. ≈≈≈≈
≈≈≈≈≈≈≈≈P≈....≈.. ≈≈≈≈
≈≈≈≈≈≈P≈P≈≈≈≈≈≈. ≈≈≈≈
≈≈≈≈≈≈P≈P≈≈≈≈≈≈ ≈≈≈≈
≈PP≈≈≈≈P≈≈≈≈≈≈ ≈≈≈≈


You could see Ullipcorian's ghost and a friendly mana viper.

Vanquished Creatures
  Jorgrun (Shoals:1)
  Donald (Shoals:1)
  3 ghost moths (Spider:4)
  3 emperor scorpions
  An ironheart preserver (D:13)
  5 entropy weavers
  A spark wasp (Spider:4)
  A merfolk javelineer (Shoals:3)
  Josephine (D:11)
  The ghost of bullsaxe1 the Destroyer, a journeyman DEEE of Sif Muna (Orc:2)
  A merfolk impaler (Shoals:2)
  A fire dragon (D:10)
  Harold (Lair:2)
  A rakshasa (D:14)
  5 hydras
  A great orb of eyes (D:15)
  Fannar (Lair:2)
  4 centaur warriors
  A catoblepas (D:13)
  A merfolk avatar (Shoals:2)
  A death knight (D:13)
  A queen ant (Spider:1)
  The ghost of frimble the Cleaver, a novice HOFi of Okawaru (D:9)
  A satyr (Shoals:2)
  8 death yaks
  6 two-headed ogres
  2 merfolk aquamancers (Shoals:2)
  9 orc high priests (Orc:2)
  A tengu warrior (D:13)
  13 skeletal warriors
  4 sea snakes
  An unseen horror (D:13)
  A flayed ghost (D:9)
  5 wizards (D:14)
  6 hell knights (D:10)
  A necromancer (D:10)
  Pikel (D:9)
  A wolf spider zombie (D:13)
  2 harpies (Shoals:1)
  32 wolf spiders
  6 manticores
  6 fauns
  4 cyclopes
  13 ugly things
  A deep elf mage (D:14)
  26 orb spiders
  17 elephants
  4 moths of wrath
  7 black mambas
  2 merfolk sirens
  3 torpor snails
  A water nymph (Shoals:3)
  3 gargoyles
  13 spiny frogs
  6 komodo dragons
  4 rime drakes
  8 demonic crawlers
  18 merfolk
  36 jumping spiders
  A wind drake (Shoals:3)
  8 hornets
  A meliai (D:13)
  2 tengu conjurers (D:15)
  10 trolls
  6 polar bears
  A queen bee (Lair:2)
  A polar bear (shapeshifter) (D:15)
  A snapping turtle (Shoals:2)
  7 slime creatures
  Prince Ribbit (Lair:2)
  10 dream sheep
  14 blink frogs
  14 hippogriffs
  A shadow (D:15)
  7 water elementals
  A centaur simulacrum (D:15)
  68 redbacks
  31 tarantellas
  Sigmund (D:5)
  14 spriggans (Lair:6)
  86 yaks
  A vampire (D:14)
  5 wraiths
  5 wyverns
  A hungry ghost (D:9)
  4 hogs (D:7)
  A human (D:7)
  3 basilisks
  A fire bat (shapeshifter) (D:8)
  7 vampire mosquitoes
  8 wargs
  An acid dragon (D:15)
  An acid dragon (shapeshifter) (D:15)
  8 soldier ants
  7 hell hounds (D:10)
  19 water moccasins
  29 orc warriors
  6 ice beasts
  7 porcupines
  9 ogres
  2 phantoms
  A sky beast (D:11)
  4 black bears
  A necrophage (D:6)
  4 boggarts (Lair:6)
  29 wolves
  20 centaurs
  15 crocodiles
  Blork the orc (D:6)
  16 bullfrogs
  A wyvern zombie (Ossuary)
  A gnoll sergeant (D:11)
  3 scorpions
  38 killer bees
  3 vampire bats (Lair:4)
  13 electric eels
  9 crimson imps
  2 howler monkeys
  7 bullfrog zombies
  3 jellies
  A quasit (D:8)
  5 centaur zombies
  5 centaur skeletons
  15 hounds
  3 bullfrog skeletons
  38 orc priests
  Crazy Yiuf (D:6)
  32 orc wizards
  11 mummies (Ossuary)
  4 iguanas
  Terence (D:1)
  23 worker ants
  3 hell rats
  A killer bee zombie (Ossuary)
  2 hound skeletons
  3 howler monkey zombies (Ossuary)
  5 worker ant zombies
  Robin (D:2)
  14 adders
  9 gnolls
  5 river rats (Lair:3)
  A shadow imp (D:5)
  3 adder zombies
  2 adder skeletons
  4 worms
  4 dart slugs (D:2)
  3 leopard geckos
  110 orcs
  4 giant cockroaches
  11 hobgoblins
  12 jackals
  8 kobolds
  3 quokkas
  A ball python (D:3)
  13 bats
  7 frilled lizards
  A giant cockroach zombie (Ossuary)
  6 goblins
  A leopard gecko skeleton (D:4)
  2 quokka skeletons
  A quokka zombie (Ossuary)
  13 rats
  5 fungi
  2 plants
1291 creatures vanquished.

Vanquished Creatures (collateral kills)
  A hydra (D:12)
  3 oklob plants (Lair:3)
  An ogre (D:8)
  A gnoll (D:8)
6 creatures vanquished.

Vanquished Creatures (others)
  2 satyrs
  A centaur warrior (D:15)
  A harpy (Shoals:1)
  2 fauns
  A wolf spider (Spider:4)
  A jumping spider (Spider:4)
  A blink frog (Lair:4)
  A snapping turtle (Shoals:3)
  2 centaurs
  A worker ant (Spider:1)
  20 fungi
  4 plants
  A withered plant (Ossuary)
38 creatures vanquished.

Grand Total: 1335 creatures vanquished

Notes
Turn   | Place    | Note
-------+----------+-------------------------------------------
     0 | D:1      | IBeShadow the Gnoll Wanderer began the quest for the Orb.
     0 | D:1      | IBeShadow set off with the following items: a +2 blowgun, 4
                  | curare-tipped needles, a +0 ring mail, a +0 quarterstaff, a
                  | ration
     0 | D:1      | Reached XP level 1. HP: 13/13 MP: 2/2
   226 | D:1      | Reached XP level 2. HP: 19/19 MP: 3/3
   646 | D:2      | Reached XP level 3. HP: 20/25 MP: 4/4
   757 | D:2      | Reached skill level 1 in Invocations
   956 | D:2      | Reached skill level 1 in Fighting
   956 | D:2      | Reached skill level 1 in Short Blades
   956 | D:2      | Reached skill level 1 in Long Blades
   956 | D:2      | Reached skill level 1 in Axes
   956 | D:2      | Reached skill level 1 in Maces & Flails
   956 | D:2      | Reached skill level 1 in Polearms
   956 | D:2      | Reached skill level 1 in Slings
   956 | D:2      | Reached skill level 1 in Crossbows
   956 | D:2      | Reached skill level 1 in Dodging
   956 | D:2      | Reached skill level 1 in Stealth
   956 | D:2      | Reached skill level 1 in Shields
   956 | D:2      | Reached skill level 1 in Unarmed Combat
   956 | D:2      | Reached skill level 1 in Spellcasting
   994 | D:2      | Reached XP level 4. HP: 32/32 MP: 6/6
   996 | D:2      | Noticed Robin
  1046 | D:2      | Killed Robin
  1236 | D:2      | Noticed Terence
  1276 | D:1      | Killed Terence
  1276 | D:1      | Reached skill level 1 in Conjurations
  1276 | D:1      | Reached skill level 1 in Hexes
  1276 | D:1      | Reached skill level 1 in Charms
  1276 | D:1      | Reached skill level 1 in Summonings
  1276 | D:1      | Reached skill level 1 in Necromancy
  1276 | D:1      | Reached skill level 1 in Translocations
  1276 | D:1      | Reached skill level 1 in Transmutations
  1276 | D:1      | Reached skill level 1 in Fire Magic
  1276 | D:1      | Reached skill level 1 in Ice Magic
  1276 | D:1      | Reached skill level 1 in Air Magic
  1276 | D:1      | Reached skill level 1 in Earth Magic
  1276 | D:1      | Reached skill level 1 in Poison Magic
  1558 | D:2      | Reached XP level 5. HP: 32/37 MP: 7/7
  1614 | D:2      | You fall through a shaft!
  1785 | D:2      | Found a stormy altar of Qazlal.
  1790 | D:2      | Found an ancient bone altar of Kikubaaqudgha.
  1792 | D:2      | Found a burning altar of Makhleb.
  1793 | D:2      | Found a glowing silver altar of Zin.
  1795 | D:2      | Found an opulent altar of Gozag.
  2217 | D:3      | Reached XP level 6. HP: 8/44 MP: 8/8
  2949 | D:4      | Reached skill level 5 in Bows
  3309 | D:5      | Entered Level 5 of the Dungeon
  3309 | D:5      | Noticed an ice beast
  3330 | D:5      | Killed an ice beast
  3330 | D:5      | Reached XP level 7. HP: 42/50 MP: 10/10
  3791 | D:5      | Found a radiant altar of Vehumet.
  4030 | D:6      | Reached XP level 8. HP: 44/57 MP: 12/12
  4201 | D:6      | Noticed Blork the orc
  4227 | D:6      | Killed Blork the orc
  4654 | D:6      | Found a runed translucent gate.
  5229 | D:6      | Found a runed translucent door.
  5230 | D:6      | Noticed Crazy Yiuf
  5264 | D:6      | Reached XP level 9. HP: 62/65 MP: 14/14
  5269 | D:6      | Learned a level 3 spell: Mephitic Cloud
  5271 | D:5      | Noticed Sigmund
  5532 | D:6      | Learned a level 2 spell: Blink
  5536 | D:6      | Learned a level 3 spell: Conjure Flame
  5544 | D:5      | Killed Sigmund
  5660 | D:6      | Found a runed translucent gate.
  5673 | D:6      | Noticed luxidream's ghost (novice MfWr)
  5676 | D:6      | Found a runed translucent gate.
  5761 | D:6      | HP: 2/65 [luxidream's ghost (14)]
  6385 | D:5      | Learned a level 2 spell: Call Imp
  6434 | D:5      | HP: 3/65 [luxidream's ghost (12)]
  7004 | D:6      | Killed Crazy Yiuf
  7183 | D:7      | Found a sand-covered staircase.
  7253 | Ossuary  | Entered an ossuary
  7266 | Ossuary  | Reached skill level 5 in Throwing
  7266 | Ossuary  | Reached skill level 5 in Evocations
  7699 | Ossuary  | Reached skill level 5 in Invocations
  8206 | D:8      | Found a blossoming altar of Fedhas.
  8207 | D:8      | Found a hide-covered altar of Uskayaw.
  8269 | D:8      | Reached XP level 10. HP: 63/73 MP: 17/17
  8735 | D:8      | Reached skill level 5 in Fighting
  8735 | D:8      | Reached skill level 5 in Short Blades
  8735 | D:8      | Reached skill level 5 in Long Blades
  8735 | D:8      | Reached skill level 5 in Axes
  8735 | D:8      | Reached skill level 5 in Maces & Flails
  8735 | D:8      | Reached skill level 5 in Polearms
  8735 | D:8      | Reached skill level 5 in Slings
  8735 | D:8      | Reached skill level 5 in Crossbows
  8735 | D:8      | Reached skill level 5 in Dodging
  8735 | D:8      | Reached skill level 5 in Stealth
  8735 | D:8      | Reached skill level 5 in Shields
  8735 | D:8      | Reached skill level 5 in Unarmed Combat
  8735 | D:8      | Reached skill level 5 in Spellcasting
  9203 | D:8      | Learned a level 3 spell: Regeneration
  9562 | D:9      | Found Lobb's General Store.
  9566 | D:9      | Bought a scroll of fog for 32 gold pieces
  9666 | D:9      | Found a runed translucent gate.
  9666 | D:9      | Found a runed translucent gate.
  9666 | D:9      | Found a runed translucent gate.
  9976 | D:9      | Noticed a flayed ghost
  9979 | D:9      | Noticed a centaur warrior
  9989 | D:9      | Noticed frimble's ghost (novice HOFi)
 10780 | D:9      | Noticed Pikel
 10793 | D:9      | Killed Pikel
 11346 | D:9      | Reached XP level 11. HP: 76/81 MP: 19/19
 12054 | D:7      | Found a staircase to the Ecumenical Temple.
 12105 | Temple   | Entered the Ecumenical Temple
 12213 | Temple   | Became a worshipper of Cheibriados the Contemplative
 12728 | D:10     | Entered Level 10 of the Dungeon
 12749 | D:10     | Got a smelly ring mail
 12750 | D:10     | Identified the +6 ring mail of Spite {Dex+2} (You found it
                  | on level 10 of the Dungeon)
 12827 | D:10     | Reached skill level 5 in Conjurations
 12827 | D:10     | Reached skill level 5 in Hexes
 12827 | D:10     | Reached skill level 5 in Charms
 12827 | D:10     | Reached skill level 5 in Summonings
 12827 | D:10     | Reached skill level 5 in Necromancy
 12827 | D:10     | Reached skill level 5 in Translocations
 12827 | D:10     | Reached skill level 5 in Transmutations
 12827 | D:10     | Reached skill level 5 in Fire Magic
 12827 | D:10     | Reached skill level 5 in Ice Magic
 12827 | D:10     | Reached skill level 5 in Air Magic
 12827 | D:10     | Reached skill level 5 in Earth Magic
 12827 | D:10     | Reached skill level 5 in Poison Magic
 12835 | D:10     | Found a staircase to the Lair.
 13146 | D:10     | Reached * piety under Cheibriados
 14283 | D:10     | Noticed a fire dragon
 14506 | Lair:1   | Entered Level 1 of the Lair of Beasts
 15149 | Lair:1   | Reached ** piety under Cheibriados
 15216 | Lair:1   | Noticed a six-headed hydra
 15219 | Lair:1   | Killed a six-headed hydra
 15872 | Lair:1   | Reached XP level 12. HP: 89/89 MP: 22/22
 16084 | Lair:1   | Learned a level 2 spell: Shroud of Golubria
 16128 | Lair:2   | Noticed Prince Ribbit
 16130 | Lair:2   | Noticed a six-headed hydra
 16139 | Lair:2   | Killed a six-headed hydra
 16152 | Lair:2   | Killed Prince Ribbit
 16756 | Lair:2   | Reached *** piety under Cheibriados
 16846 | Lair:2   | Noticed Fannar
 16860 | Lair:2   | Killed Fannar
 17068 | Lair:2   | Noticed Harold
 17082 | Lair:2   | Killed Harold
 17290 | Lair:2   | Reached **** piety under Cheibriados
 17438 | Lair:2   | Reached skill level 10 in Staves
 17438 | Lair:2   | Reached skill level 10 in Armour
 17607 | Lair:2   | Noticed a death yak
 17622 | Lair:2   | Killed a death yak
 17622 | Lair:2   | Reached XP level 13. HP: 98/98 MP: 19/24
 18137 | Lair:3   | Reached ***** piety under Cheibriados
 18955 | Lair:3   | Found a hole to the Spider Nest.
 19036 | Lair:3   | Got an ichor-stained broad axe
 19037 | Lair:3   | Identified the +4 broad axe "Wagil" {vamp, +Inv rPois} (You
                  | found it on level 3 of the Lair of Beasts)
 19176 | Lair:1   | Gained mutation: You have sharp toenails. [potion of
                  | mutation]
 19176 | Lair:1   | Gained mutation: You are frail. (-10% HP) [potion of
                  | mutation]
 19176 | Lair:1   | Lost mutation: You are frail. (-10% HP) [potion of
                  | mutation]
 19176 | Lair:1   | Gained mutation: You have a somewhat thin skeletal
                  | structure. (Dex +2, Stealth) [potion of mutation]
 19725 | Lair:3   | Learned a level 5 spell: Summon Mana Viper
 20431 | Lair:4   | Found a staircase to the Shoals.
 20816 | Lair:4   | Reached ****** piety under Cheibriados
 21305 | Lair:4   | Learned a level 3 spell: Ozocubu's Armour
 21357 | Lair:4   | Reached XP level 14. HP: 106/106 MP: 26/26
 22029 | Lair:5   | Reached skill level 10 in Bows
 22851 | Lair:6   | Entered Level 6 of the Lair of Beasts
 22915 | Lair:6   | Reached skill level 10 in Invocations
 22941 | Lair:6   | Identified the Volume of Quantum Earth
 23325 | Lair:6   | Found a viscous altar of Jiyva.
 23325 | Lair:6   | Found a staircase to the Slime Pits.
 24027 | D:10     | Got a pitted great sword
 24049 | D:10     | Identified the +6 great sword of Responsibility {drain,
                  | rPois} (You found it on level 10 of the Dungeon)
 24470 | D:10     | Reached XP level 15. HP: 114/114 MP: 21/28
 24485 | D:10     | Reached skill level 10 in Throwing
 24485 | D:10     | Reached skill level 10 in Evocations
 24653 | D:9      | Killed frimble's ghost
 24989 | D:11     | Noticed Josephine
 24993 | D:11     | Killed Josephine
 25149 | D:11     | Found Doxzeyl's Antique Weapon Shoppe.
 25197 | D:11     | Found Tipt's Food Boutique.
 25327 | D:12     | Found Xykare's Antique Armour Shop.
 25381 | D:12     | Bought the +0 mask of the Dragon {MR+ Slay+3 SInv} for 935
                  | gold pieces
 25381 | D:12     | Found the +0 mask of the Dragon {MR+ Slay+3 SInv}
 25714 | D:12     | Learned a level 1 spell: Summon Butterflies
 26052 | D:12     | Found Burch's Armour Shoppe.
 26055 | D:12     | Bought the +3 warlock's mirror {reflect} for 520 gold
                  | pieces
 26055 | D:12     | Found the +3 warlock's mirror {reflect}
 26196 | D:12     | Reached skill level 10 in Fighting
 26196 | D:12     | Reached skill level 10 in Short Blades
 26196 | D:12     | Reached skill level 10 in Long Blades
 26196 | D:12     | Reached skill level 10 in Axes
 26196 | D:12     | Reached skill level 10 in Maces & Flails
 26196 | D:12     | Reached skill level 10 in Polearms
 26196 | D:12     | Reached skill level 10 in Slings
 26196 | D:12     | Reached skill level 10 in Crossbows
 26196 | D:12     | Reached skill level 10 in Dodging
 26196 | D:12     | Reached skill level 10 in Stealth
 26196 | D:12     | Reached skill level 10 in Shields
 26196 | D:12     | Reached skill level 10 in Unarmed Combat
 26196 | D:12     | Reached skill level 10 in Spellcasting
 26330 | D:12     | Found a staircase to the Orcish Mines.
 26370 | Orc:1    | Entered Level 1 of the Orcish Mines
 26439 | Orc:2    | Entered Level 2 of the Orcish Mines
 26440 | Orc:2    | Found a staircase to the Elven Halls.
 26512 | Orc:2    | Found a runed translucent gate.
 26512 | Orc:2    | Found a runed translucent gate.
 26512 | Orc:2    | Found a runed translucent gate.
 26514 | Orc:2    | Noticed bullsaxe1's ghost (journeyman DEEE)
 26531 | Orc:2    | Killed bullsaxe1's ghost
 26679 | Orc:2    | Found Omuit's Jewellery Boutique.
 26679 | Orc:2    | Found Ciosin's Gadget Emporium.
 26946 | Orc:2    | Found a roughly hewn altar of Beogh.
 26972 | Orc:2    | Found Tydyh Sir's Antique Armour Emporium.
 26972 | Orc:2    | Found Oziahall's Weapon Boutique.
 27059 | Orc:2    | Bought a pair of glowing gloves for 217 gold pieces
 27688 | Orc:1    | Found a burning altar of Makhleb.
 27995 | D:13     | Got a sparkling bronze ring
 28118 | D:13     | Identified the ring "Qorips" {Ice rElec SInv} (You found it
                  | on level 13 of the Dungeon)
 28195 | D:13     | Reached XP level 16. HP: 110/122 MP: 30/30
 28595 | D:13     | Found a gate to the Vaults.
 29720 | D:15     | Entered Level 15 of the Dungeon
 30264 | D:15     | Found a staircase to the Depths.
 30778 | Orc:2    | Bought a heavily runed plate armour for 812 gold pieces
 30788 | Orc:2    | Identified the +0 plate armour "Noith" {rC+ Dex+2} (You
                  | bought it in a shop on level 2 of the Orcish Mines)
 31087 | Spider:1 | Entered Level 1 of the Spider Nest
 31095 | Spider:1 | Reached XP level 17. HP: 112/131 MP: 32/32
 32567 | Spider:2 | Identified Sif Muna's Tome of Fiery Summoning
 34556 | Spider:4 | Entered Level 4 of the Spider Nest
 34839 | Spider:4 | Reached skill level 10 in Conjurations
 34839 | Spider:4 | Reached skill level 10 in Hexes
 34839 | Spider:4 | Reached skill level 10 in Charms
 34839 | Spider:4 | Reached skill level 10 in Summonings
 34839 | Spider:4 | Reached skill level 10 in Necromancy
 34839 | Spider:4 | Reached skill level 10 in Translocations
 34839 | Spider:4 | Reached skill level 10 in Transmutations
 34839 | Spider:4 | Reached skill level 10 in Fire Magic
 34839 | Spider:4 | Reached skill level 10 in Ice Magic
 34839 | Spider:4 | Reached skill level 10 in Air Magic
 34839 | Spider:4 | Reached skill level 10 in Earth Magic
 34839 | Spider:4 | Reached skill level 10 in Poison Magic
 34985 | Spider:4 | Reached XP level 18. HP: 139/139 MP: 33/33
 35184 | Spider:4 | Noticed Mara
 35204 | Spider:4 | Noticed IBeShadow's illusion
 35871 | Spider:4 | Noticed IBeShadow's illusion
 36140 | Spider:4 | Noticed IBeShadow's illusion
 36502 | Spider:4 | Got a gossamer rune of Zot
 36988 | Shoals:1 | Entered Level 1 of the Shoals
 37160 | Shoals:1 | Noticed Donald
 37172 | Shoals:1 | Killed Donald
 37392 | Shoals:1 | Noticed Jorgrun
 37402 | Shoals:1 | Killed Jorgrun
 38011 | Shoals:2 | Found Puyreath's Assorted Antiques.
 38074 | Shoals:2 | Found Keziogei's Book Shoppe.
 38116 | Shoals:2 | Found Opixta's Assorted Antiques.
 38239 | Shoals:2 | Found Yvuof's Book Emporium.
 38758 | Shoals:3 | Found a runed translucent door.
 38758 | Shoals:3 | Noticed Ullipcorian's ghost (adept HOFi)
 38760 | Shoals:3 | Found the +0 Maxwell's etheric cage {RegenMP+ *Contam rElec
                  | MP+4}
 38907 | Shoals:3 | Mangled by Ullipcorian's ghost

Skill      XL: |  1  2  3  4  5  6  7  8  9 10 11 12 13 14 15 16 17 18 |
---------------+-------------------------------------------------------+-----
Invocations    | 1 2 3 4 5 6 7 8 9 10 11 12 13 | 13.2
Fighting       | 1 2 3 4 5 6 7 8 9 10 11 12 | 12.2
Short Blades   | 1 2 3 4 5 6 7 8 9 10 11 12 | 12.2
Long Blades    | 1 2 3 4 5 6 7 8 9 10 11 12 | 12.2
Axes           | 1 2 3 4 5 6 7 8 9 10 11 12 | 12.2
Maces & Flails | 1 2 3 4 5 6 7 8 9 10 11 12 | 12.2
Polearms       | 1 2 3 4 5 6 7 8 9 10 11 12 | 12.2
Slings         | 1 2 3 4 5 6 7 8 9 10 11 12 | 12.2
Crossbows      | 1 2 3 4 5 6 7 8 9 10 11 12 | 12.2
Dodging        | 1 2 3 4 5 6 7 8 9 10 11 12 | 12.2
Stealth        | 1 2 3 4 5 6 7 8 9 10 11 12 | 12.2
Shields        | 1 2 3 4 5 6 7 8 9 10 11 12 | 12.2
Unarmed Combat | 1 2 3 4 5 6 7 8 9 10 11 12 | 12.2
Spellcasting   | 1 2 3 4 5 6 7 8 9 10 11 12 | 12.2
Conjurations   | 1 2 3 4 5 6 7 8 9 10 | 10.5
Hexes          | 1 2 3 4 5 6 7 8 9 10 | 10.5
Charms         | 1 2 3 4 5 6 7 8 9 10 | 10.5
Summonings     | 1 2 3 4 5 6 7 8 9 10 | 10.5
Necromancy     | 1 2 3 4 5 6 7 8 9 10 | 10.5
Translocations | 1 2 3 4 5 6 7 8 9 10 | 10.5
Transmutations | 1 2 3 4 5 6 7 8 9 10 | 10.5
Fire Magic     | 1 2 3 4 5 6 7 8 9 10 | 10.5
Ice Magic      | 1 2 3 4 5 6 7 8 9 10 | 10.5
Air Magic      | 1 2 3 4 5 6 7 8 9 10 | 10.5
Earth Magic    | 1 2 3 4 5 6 7 8 9 10 | 10.5
Poison Magic   | 1 2 3 4 5 6 7 8 9 10 | 10.5
Throwing       | 3 4 5 6 7 8 9 10 11 12 | 12.5
Evocations     | 3 4 5 6 7 8 9 10 11 12 | 12.5
Bows           | 5 6 7 8 9 10 11 12 | 12.9
Staves         | 7 8 9 10 11 12 13 | 13.6
Armour         | 7 8 9 10 11 12 13 | 13.6

Action                   |  1- 3 |  4- 6 |  7- 9 | 10-12 | 13-15 | 16-18 || total
-------------------------+-------+-------+-------+-------+-------+-------++-------
Melee: Quarterstaff      |    76 |   275 |   448 |   532 |   148 |       ||  1479
       Bite              |    13 |    28 |    62 |   116 |   243 |   231 ||   693
       Unarmed           |       |       |     1 |       |       |       ||     1
       Whip              |       |       |       |   363 |       |       ||   363
       Punch             |       |       |       |     2 |       |       ||     2
       Broad axe         |       |       |       |       |   934 |  1043 ||  1977
       Kick              |       |       |       |       |   529 |   577 ||  1106
       Demon blade       |       |       |       |       |    14 |       ||    14
 Fire: Hunting sling     |       |       |       |    74 |       |       ||    74
       Blowgun           |       |       |       |     3 |       |       ||     3
Throw: Tomahawk          |       |       |     5 |       |       |       ||     5
 Cast: Conjure Flame     |       |       |     8 |     1 |       |       ||     9
       Call Imp          |       |       |     6 |       |       |       ||     6
       Blink             |       |       |     5 |       |       |       ||     5
       Mephitic Cloud    |       |       |     2 |    13 |    10 |       ||    25
       Shroud of Golubri |       |       |       |     6 |     7 |     3 ||    16
       Regeneration      |       |       |       |     5 |     4 |     3 ||    12
       Summon Mana Viper |       |       |       |       |     7 |    10 ||    17
Invok: Slouch            |       |       |       |       |     3 |     7 ||    10
       Bend Time         |       |       |       |       |       |     6 ||     6
       Temporal Distorti |       |       |       |       |       |    16 ||    16
       Step From Time    |       |       |       |       |       |     1 ||     1
Evoke: Wand              |       |       |     6 |    10 |     1 |    14 ||    31
  Use: Potion            |       |     1 |     2 |     5 |     6 |     1 ||    15
       Scroll            |       |       |    10 |    12 |     9 |     8 ||    39
 Stab: Sleeping          |       |     1 |     1 |    15 |    22 |    12 ||    51
       Paralysed         |       |       |     3 |       |       |     2 ||     5
       Confused          |       |       |     1 |     6 |     2 |     1 ||    10
       Distracted        |       |       |     1 |       |     7 |     3 ||    11
       Petrified         |       |       |     1 |       |       |       ||     1
  Eat: Chunk             |       |     8 |     7 |    25 |    12 |    20 ||    72
       Ration            |       |       |     3 |     1 |     7 |     2 ||    13
Armor: Ring mail         |    23 |    99 |   107 |   231 |   306 |    67 ||   833
       Skin              |       |       |    11 |       |       |       ||    11
       Plate armour      |       |       |       |       |       |   305 ||   305
Dodge: Dodged            |    37 |   229 |   278 |   838 |  1205 |  1292 ||  3879
       Deflected         |       |       |       |       |       |    14 ||    14
Block: Other             |       |    11 |    93 |    59 |       |       ||   163
       Reflection        |       |       |     2 |     4 |     8 |    74 ||    88
       Buckler           |       |       |       |    89 |   647 |  1440 ||  2176
       Rpst.: Demon blade |       |       |       |       |     1 |       ||     1
